 Dungeon Crawl Stone Soup version 0.30-a0-852-g08b95dd62f (webtiles) character file.

Game seed: 6338815483677709872

79 ragingrage the Sneak (level 4, -1/35 HPs)
             Began as a Demonspawn Delver on Mar 4, 2023.
             Killed by nerve-wracking pain
             ... invoked by Grinder
              (7 damage)
             ... on level 4 of the Dungeon.
             The game lasted 00:02:50 (1400 turns).

ragingrage the Sneak (Demonspawn Delver)            Turns: 1400, Time: 00:02:51

Health: -1/35      AC:  3    Str: 12    XL:     4   Next: 16%
Magic:  4/4        EV: 12    Int: 11    God:
Gold:   25         SH:  0    Dex: 17    Spells: 3/3 levels left

rFire   . . .      SeeInvis .    a - +0 long sword
rCold   . . .      Faith    .    (no shield)
rNeg    . . .      Spirit   .    i - +0 leather armour
rPois   .          Reflect  .    (helmet restricted)
rElec   .          Rampage  .    (no cloak)
rCorr   .                        (no gloves)
Will    .....                    (no boots)
Stlth   +++                      (no amulet)
HPRegen 0.25/turn                (no ring)
MPRegen 0.09/turn                (no ring)

@: attractive
A: antennae 1, hooves 1
a: no special abilities


You were on level 4 of the Dungeon.
You visited 1 branch of the dungeon, and saw 3 of its levels.

You collected 25 gold pieces.

Inventory:

Hand Weapons
 a - a +0 long sword (weapon)
 b - a +0 dagger
Armour
 i - a +0 leather armour (worn)
 o - a +0 scale mail
Wands
 g - a wand of digging (3)
Scrolls
 c - a scroll of fog
 d - a scroll of magic mapping
 e - a scroll of enchant armour {unknown}
 f - 2 scrolls of vulnerability {unknown}
 h - a scroll of identify {unknown}
 j - a scroll of brand weapon {unknown}
Potions
 k - a potion of invisibility {unknown}
 l - a potion of attraction
 m - a potion of haste
 n - a potion of heal wounds {unknown}


   Skills:
 - Level 3.0 Fighting
 + Level 4.1 Long Blades
 - Level 1.7 Dodging
 - Level 4.5 Stealth


You had 3 spell levels left.
You didn't know any spells.
Your spell library was empty.

Dungeon Overview and Level Annotations

Branches:
Dungeon (6/15)
 Temple: D:4-7

Altars:

Annotations:
D:4 Grinder, Pikel
D:5 Dig
D:6 Sigmund


Innate Abilities, Weirdness & Mutations

You have a pair of small antennae on your head.
You have large cloven feet.


Message History

You continue putting on your +0 leather armour. x5
You finish putting on your +0 leather armour.
Found a stone staircase leading up.
The orc shouts!
You hear a shout!
Grinder shouts!
You hit the orc. Your kick misses the orc.
You hear a shout! x2
Grinder blinks!
The orc closely misses you. The orc hits you but does no damage.
You closely miss the orc. The orc closely misses you.
You closely miss the orc. The orc misses you.
Grinder blinks!
You hit the orc.
You kill the orc!
Grinder gestures at you.
You suddenly lose the ability to move!
Grinder says, "Wait up."
Grinder hits you.
You writhe in agony.
You can move again.
There is a stone staircase leading up here.
Unknown command.
Unknown command.
You slash Grinder! Grinder hits you but does no damage.
You closely miss Grinder. Your kick misses Grinder.
Grinder hits you but does no damage. x2
You slash Grinder! Grinder closely misses you.
You closely miss Grinder. Grinder gestures at you.
Pain shoots through your body!
The orc shouts!
You slash Grinder! Your kick misses Grinder. Grinder hits you!
You writhe in agony.
You barely miss Grinder. You kick Grinder. Grinder hits you.
* * * LOW HITPOINT WARNING * * *
You writhe in agony.
* * * LOW HITPOINT WARNING * * *
It was a potion of attraction.
You feel attractive to monsters. Grinder gestures at you.
Pain shoots through your body!
You die...

#....# #.# ###.##
#.# #...# #...##
#.#.# #.5..##
#.#... +.....##
#.#.####.......
#.#.# .......
#.#.####..o....
#.#.#.@5.....#
#.#.#..#....##
#.#........##
#.###.#...##
#.#.....)..#
#.#.#......#
#.#.####..### #.#
#.....## #.#
#.###..##########


You could see Grinder and an orc.

Vanquished Creatures
  A hound (D:5)
  4 adders
  3 orcs (D:4)
  A giant cockroach (D:4)
  A hobgoblin (D:4)
  2 goblins (D:4)
12 creatures vanquished.

Notes
Turn   | Place    | Note
-------+----------+-------------------------------------------
     0 | D:5      | ragingrage the Demonspawn Delver began the quest for the
                  | Orb.
     0 | D:5      | Reached XP level 1. HP: 18/18 MP: 1/1
    38 | D:6      | Noticed Sigmund
   115 | D:5      | Noticed a hound
   138 | D:5      | Killed a hound
   139 | D:5      | Discovered your monstrous ancestry.
   139 | D:5      | Gained mutation: You have large cloven feet. [demonic
                  | ancestry]
   139 | D:5      | Reached XP level 2. HP: 10/24 MP: 2/2
   139 | D:5      | Reached XP level 3. HP: 12/29 MP: 3/3
   366 | D:6      | Noticed a wight
   419 | D:6      | Noticed a scorpion
   548 | D:4      | Noticed a lemure
   795 | D:4      | Noticed Grinder
  1063 | D:4      | Noticed Pikel
  1266 | D:4      | Gained mutation: You have a pair of small antennae on your
                  | head. [demonic ancestry]
  1266 | D:4      | Reached XP level 4. HP: 21/35 MP: 4/4
  1390 | D:4      | Paralysed by Grinder for 4 turns
  1400 | D:4      | Killed from afar by Grinder

Illustrated notes

Levels and vault maps discovered:
D:4:      kennysheep_six_static_rooms, layout_basic, lemuel_crystal_altar,
          minmay_overflow_temple_star_quad, uniq_eustachio, uniq_grinder,
          uniq_menkaure, uniq_pikel
D:5:      minmay_thinvault, layout_basic, minmay_temple_entry_mini_moons,
          due_unseen_surprise
D:6:      cheibrodos_two_vegetables, layout_loops_corners,
          nicolae_wu_jian_glorious_leap, serial_co_window_serial,
          co_window_paths_a, co_window_of_opportunity_a,
          co_window_of_opportunity_a, co_window_paths_a, co_window_corner_a,
          co_window_broadway_b, co_window_corner_b, co_window_corner_b,
          co_window_corner_b, co_window_paths_c, co_window_unsneaky_path_a,
          glass_columns_a, glass_columns_b, serial_shops, nicolae_shop_stone,
          minmay_mini_ossuary, uniq_sigmund

Skill      XL: |  1  2  3 |
---------------+----------+-----
Long Blades    | 3 4 |  4.1
Fighting       | |  3.0
Dodging        | |  1.7
Stealth        | |  4.5

Action                     |  1- 3 |  4- 6 || total
---------------------------+-------+-------++-------
  Melee: Falchion          |    32 |       ||    32
         Long sword        |    16 |    20 ||    36
         Kick              |     8 |     4 ||    12
         Punch             |       |     2 ||     2
    Use: Potion            |     1 |     1 ||     2
         Scroll            |     1 |       ||     1
   Stab: Sleeping          |     1 |       ||     1
 Armour: Leather armour    |    14 |     5 ||    19
  Dodge: Dodged            |    34 |    11 ||    45

Table legend: (Time is in decaauts)
 A = Elapsed time spent in this place.
 B = Non-inter-level travel time spent in this place.
 C = Inter-level travel time spent in this place.
 D = Time resting spent in this place.
 E = Time spent auto-exploring this place.
 F = Levels seen in this place.
 G = Mean time per level.
                   A        B        C        D        E       F      G
               +--------+--------+--------+--------+--------+-----+--------+
         Total |   1393 |   1186 |    207 |    261 |    422 |   3 |  464.3 |
       Dungeon |   1393 |   1186 |    207 |    261 |    422 |   3 |  464.3 |
               +--------+--------+--------+--------+--------+-----+--------+

Top non-repeatable levels by time:
     D:4: 747 daAuts
     D:5: 513 daAuts
     D:6: 132 daAuts
